 Dungeon Crawl Stone Soup version 0.23.2-40-g277498a001 (webtiles) character file.

Game seed: 9055452874244824716

123600 Folks the Destroyer (level 17, -9/104 HPs)
             Began as a Human Ice Elementalist on Aug 24, 2019.
             Was a High Priest of Sif Muna.
             Mangled by a troll (11 damage)
             ... on level 13 of the Dungeon.
             The game lasted 03:22:15 (43082 turns).

Folks the Destroyer (Human Ice Elementalist)       Turns: 43082, Time: 03:22:17

Health: -9/104     AC: 19    Str:  9    XL:     17   Next: 10%
Magic:  3/33       EV: 18    Int: 26    God:    Sif Muna [*****.]
Gold:   3225       SH:  0    Dex: 17    Spells: 2/40 levels left

rFire    . . .     SeeInvis .   y - +2 spear "Ippamnux" {pierce, rC+ Dex+3}
rCold    + + .     Gourm    .   (no shield)
rNeg     . . .     Faith    .   N - +2 robe {rC+}
rPois    .         Spirit   .   q - +0 helmet
rElec    .         Reflect  .   d - +1 cloak
rCorr    .         Harm     .   F - +2 pair of gloves
MR       +....                  (no boots)
Stlth    ++........             (no amulet)
HPRegen  0.27/turn              I - ring of wizardry
MPRegen  0.23/turn              o - +4 ring of intelligence

@: lethally poisoned (-9 -> -9), icy armour, divine energy
A: no striking features
}: 1/15 runes: decaying
a: Stop Divine Energy, Channel Magic, Forget Spell, Renounce Religion


You were on level 13 of the Dungeon.
You worshipped Sif Muna.
Sif Muna was extremely pleased with you.
You were not hungry.

You visited 4 branches of the dungeon, and saw 25 of its levels.
You visited 1 bazaar.
You also visited: Sewer and Volcano.

You collected 3345 gold pieces.
You spent 120 gold pieces at shops.

Inventory:

Hand Weapons
 t - a +1 demon trident of flaming
 y - the +2 spear "Ippamnux" (weapon) {pierce, rC+ Dex+3}
   (You found it in a sewer)

   It inflicts extra damage upon your enemies.
   It affects your dexterity (+3).
   It protects you from cold.
Missiles
 v - 2 throwing nets (quivered)
Armour
 d - a +1 cloak (worn)
 f - +0 steam dragon scales
 q - a +0 helmet (worn)
 F - a +2 pair of gloves (worn)
 N - a +2 robe of cold resistance (worn)
Magical Staves
 L - an uncursed staff of power
Jewellery
 a - an uncursed ring of protection from magic {unknown}
 o - a +4 ring of intelligence (right hand)
 s - an uncursed ring of ice
 u - a cursed ring of positive energy {unknown}
 H - an uncursed ring of resist corrosion
 I - a ring of wizardry (left hand)
Wands
 D - a wand of iceblast (7)
 J - a wand of enslavement (15)
 O - a wand of clouds (6)
 Y - a wand of digging (11)
 Z - a wand of acid (7)
Scrolls
 b - 5 scrolls of teleportation
 e - 2 scrolls of blinking
 g - 6 scrolls of enchant armour
 h - 3 scrolls of fear
 j - 10 scrolls of remove curse
 m - 16 scrolls of identify
 r - a scroll of fog
 M - 2 scrolls of random uselessness
 T - a scroll of vulnerability
 U - a scroll of amnesia
 V - 2 scrolls of immolation
 W - 2 scrolls of magic mapping
 X - a scroll of summoning
Potions
 i - 4 potions of lignification
 k - 2 potions of berserk rage {unknown}
 l - 3 potions of curing
 n - 12 potions of brilliance
 p - 5 potions of magic
 w - 3 potions of cancellation {unknown}
 x - a potion of heal wounds
 z - 4 potions of might
 A - 6 potions of agility
 B - a potion of flight {unknown}
 C - 2 potions of invisibility {unknown}
 E - a potion of haste {unknown}
 G - 4 potions of resistance
 K - 2 potions of mutation
 Q - 2 potions of ambrosia {unknown}
 S - a potion of degeneration {unknown}
Miscellaneous
 P - a phantom mirror
Comestibles
 c - 9 rations


   Skills:
 - Level 1.0 Fighting
 + Level 8.0 Dodging
 - Level 2.0 Stealth
 * Level 12.3 Spellcasting
 * Level 14.6 Conjurations
 - Level 3.1 Charms
 - Level 11.0 Summonings
 + Level 12.9 Ice Magic
 - Level 8.1 Invocations
 - Level 8.2 Evocations


You had 2 spell levels left.
You knew the following spells:

 Your Spells              Type           Power        Failure   Level  Hunger
a - Spellforged Servitor  Conj/Summ      ######....   6%          7    ######.
b - Orb of Destruction    Conj           #######...   3%          7    ######.
c - Ozocubu's Armour      Chrm/Ice       ######..     1%          3    None
d - Summon Ice Beast      Ice/Summ       ######..     1%          4    None
e - Monstrous Menagerie   Summ           ######....   13%         7    ######.
f - Call Imp              Summ           ######..     1%          2    None
g - Blink                 Tloc           N/A          2%          2    None
z - Bolt of Cold          Conj/Ice       ######....   1%          6    #####..

Your spell library contained the following spells:

 Spells                   Type           Power        Failure   Level  Hunger
 Freeze                   Ice            ####         0%          1    None
 Magic Dart               Conj           ####         0%          1    None
 Throw Frost              Conj/Ice       ######       0%          2    None
 Flame Tongue             Conj/Fire      #####        1%          1    None
 Sting                    Conj/Pois      ####         1%          1    None
 Summon Small Mammal      Summ           ####         1%          1    None
 Corpse Rot               Necr           N/A          2%          2    None
 Slow                     Hex            ###.....     2%          2    None
 Sublimation of Blood     Necr           ###.......   2%          2    None
 Call Canine Familiar     Summ           ######..     1%          3    None
 Conjure Flame            Conj/Fire      ######..     1%          3    None
 Mephitic Cloud           Conj/Pois/Air  #####...     1%          3    None
 Static Discharge         Conj/Air       ######..     1%          3    None
 Summon Guardian Golem    Hex/Summ       #####...     1%          3    None
 Fulminant Prism          Conj/Hex       ######....   1%          4    None
 Sticky Flame             Conj/Fire      ######..     1%          4    None
 Summon Lightning Spire   Summ/Air       #####...     1%          4    None
 Throw Icicle             Conj/Ice       ######..     1%          4    None
 Fireball                 Conj/Fire      ######....   1%          5    ###....
 Iskenderun's Battlesphe  Conj/Chrm      ######..     1%          5    ###....
 Lightning Bolt           Conj/Air       ######....   1%          5    ###....
 Venom Bolt               Conj/Pois      ######....   1%          5    ###....
 Ozocubu's Refrigeration  Ice            ######....   1%          6    #####..
 Confuse                  Hex            ###.....     4%          3    None
 Vampiric Draining        Necr           ###.......   4%          3    None
 Summon Mana Viper        Hex/Summ       #####...     4%          5    ###....
 Freezing Cloud           Conj/Ice/Air   ######....   5%          6    #####..
 Bolt of Magma            Conj/Fire/Erth #####.....   6%          5    ###....
 Bolt of Fire             Conj/Fire      ######....   12%         6    #####..
 Iron Shot                Conj/Erth      ######....   12%         6    #####..
 Cause Fear               Hex            ###.......   14%         4    None
 Dispel Undead            Necr           ###.....     36%         5    ###....
 Silence                  Hex/Air        ###.......   36%         5    ###....
 Yara's Violent Unravell  Hex/Tmut       ###.......   36%         5    ###....
 Deflect Missiles         Chrm/Air       ###.......   71%         6    #####..
 Chain Lightning          Conj/Air       ######....   99%         8    #######
 Glaciate                 Conj/Ice       ######....   99%         9    #######
 Dragon Form              Tmut           ###.......   100%        7    ######.
 Discord                  Hex            ###.......   100%        8    #######
 Infestation              Necr           ###.......   100%        8    #######
 Dragon's Call            Summ           ######....   100%        9    #######


Dungeon Overview and Level Annotations

Branches:
Dungeon (13/15)            Temple (0/1) D:6            Lair (6/6) D:8
  Swamp (4/4) Lair:3       Spider (0/4) Lair:3        Slime (0/5) Lair:5
    Orc (2/2) D:12            Elf (0/3) Orc:2
 Vaults: D:13-14

Altars:
Ashenzari
Cheibriados
Gozag
Hepliaklqana
Kikubaaqudgha
Makhleb
Nemelex Xobeh
Okawaru
Qazlal
Sif Muna
Wu Jian
Xom
Yredelemnul
The Shining One
Beogh

Shops:
D:5 [   D:12 *   Orc:1 !:([   Orc:2 %:%[

Annotations:
D:5 2 transporters
Lair:1 exclusion: hydra


Message History

Your ice beast dies!
The wyvern skeleton barely misses you.
Your sphinx casts a spell.
The centaur is smitten.
The centaur dies!
Sif Muna accepts your kill.
You hit the wyvern skeleton.
The wyvern skeleton is moderately damaged.
You regain access to your magic.
The troll bites you!
* * * LOW HITPOINT WARNING * * *
The troll claws you.
* * * LOW HITPOINT WARNING * * *
The troll claws you but does no damage. The wyvern skeleton misses you.
Your spellforged servitor gestures at the wyvern skeleton while chanting.
The bolt of cold hits the wyvern skeleton.
The wyvern skeleton resists.
The troll bites you!
* * * LOW HITPOINT WARNING * * *
The troll barely misses you. The troll claws you!
You die...

......%... #..%.....
.. .cc....# ...
#c.%...##...
#(*c........
#.○().......
##8ZH...... ..
#..@W†.##.##.# .
.......#T..#.....#..
..#.#####††#........
# #..............
##.....#........
#...<........[..
...................
..##...............
##....####......


You could see a troll, a wraith, 4 centaurs, a wyvern skeleton, a friendly
sphinx and a friendly spellforged servitor.

Vanquished Creatures
  the Lernaean hydra (Swamp:4)
  Jorgrun (Orc:1)
  An orc warlord (Orc:1)
  A fire dragon (Volcano)
  Josephine (Lair:4)
  Fannar (Lair:2)
  A catoblepas (Lair:4)
  3 ghost crabs
  16 hydras
  2 shambling mangroves
  2 alligators
  5 two-headed ogres
  2 orc high priests (Orc:2)
  2 unseen horrors
  4 spriggan druids
  7 swamp dragons
  2 orc knights (Orc:2)
  3 orc sorcerers
  An oklob plant (Lair:5)
  A cyclops (D:12)
  A salamander (Volcano)
  16 elephants
  2 black mambas (Lair:6)
  9 spiny frogs
  2 rime drakes
  6 komodo dragons
  A queen bee (D:10)
  5 trolls
  2 polar bears (Lair:6)
  10 tyrant leeches
  8 hornets
  6 bog bodies
  2 blink frogs (Lair:4)
  2 hippogriffs
  5 slime creatures
  11 dream sheep
  3 wraiths
  A shadow (Swamp:2)
  2 vampires
  10 spriggans
  2 wyverns
  11 yaks
  5 fire bats (Volcano)
  3 basilisks
  3 steam dragons
  A hungry ghost (D:11)
  10 vampire mosquitoes
  6 insubstantial wisps
  10 swamp worms
  10 soldier ants (D:10)
  7 water moccasins
  4 porcupines
  15 swamp drakes
  14 orc warriors
  4 ice beasts
  3 sky beasts (D:10)
  2 black bears (Lair:6)
  A phantom (D:10)
  9 ogres
  2 boggarts (Lair:6)
  10 wolves
  9 crocodiles
  13 centaurs
  2 big kobolds
  12 bullfrogs
  A gnoll sergeant (D:11)
  A wyvern skeleton (D:6)
  A water moccasin skeleton (D:8)
  11 killer bees
  8 wights
  2 crimson imps
  A centaur zombie (D:11)
  7 jellies
  12 orc priests
  3 bullfrog skeletons
  A centaur skeleton (D:12)
  3 hounds
  2 iguanas
  15 orc wizards
  Jessica (D:3)
  Crazy Yiuf (D:3)
  12 worker ants
  A hound zombie (D:11)
  A hound skeleton (D:9)
  A worker ant zombie (D:11)
  6 river rats
  15 adders
  2 shadow imps (D:10)
  5 oozes
  An adder zombie (D:6)
  2 adder skeletons (D:7)
  6 worms
  3 dart slugs
  4 leopard geckos
  41 orcs
  6 ball pythons (Sewer)
  5 giant cockroaches
  7 hobgoblins
  7 jackals
  4 quokkas
  A ball python zombie (D:5)
  8 bats
  8 frilled lizards
  8 goblins
  A jackal skeleton (D:6)
  23 kobolds
  A quokka skeleton (D:2)
  32 rats
  A fungus (Swamp:4)
  2 plants
613 creatures vanquished.

Vanquished Creatures (collateral kills)
  A dire elephant (Lair:2)
  10 hydras
  4 alligators
  A shambling mangrove (Swamp:1)
  2 two-headed ogres
  A queen ant (D:10)
  An orc high priest (Orc:2)
  A spriggan druid (Swamp:2)
  2 swamp dragons
  2 orc sorcerers (Orc:2)
  2 orc knights (Orc:2)
  20 elephants
  2 salamanders (Volcano)
  A centaur zombie (D:12)
  A gargoyle (D:11)
  2 spiny frogs
  3 komodo dragons
  A rime drake (Lair:3)
  7 hornets
  4 tyrant leeches
  2 trolls
  A hippogriff (Lair:5)
  4 polar bears
  6 bog bodies
  9 slime creatures
  A blink frog (Lair:4)
  7 dream sheep
  12 spriggans
  2 wyverns
  3 wraiths (Lair:4)
  Eustachio (D:6)
  A fire bat (Volcano)
  20 yaks
  4 steam dragons (Volcano)
  2 hungry ghosts
  6 vampire mosquitoes
  2 basilisks
  4 swamp worms
  7 insubstantial wisps
  10 soldier ants (D:10)
  A warg (Orc:1)
  4 water moccasins
  2 porcupines
  5 black bears
  2 swamp drakes
  2 ice beasts
  2 sky beasts
  15 orc warriors
  4 ogres
  17 wolves
  2 centaurs
  2 boggarts (Lair:6)
  3 crocodiles
  3 big kobolds
  4 bullfrogs
  3 scorpions
  27 killer bees
  A crimson imp (D:7)
  A quasit (D:8)
  2 hounds
  A jelly (Lair:5)
  5 orc priests
  A bullfrog skeleton (D:9)
  2 centaur skeletons
  8 orc wizards
  11 worker ants
  A worker ant zombie (D:9)
  4 gnolls (D:11)
  2 adders
  2 oozes (Lair:5)
  35 orcs
  A giant cockroach (D:5)
  A jackal (D:5)
  A kobold (Sewer)
  2 rats (Sewer)
  A fungus (Lair:6)
  A plant (Volcano)
353 creatures vanquished.

Vanquished Creatures (others)
  A hydra (Lair:5)
  A worker ant (D:10)
  A wolf (Lair:6)
  A howler monkey (D:11)
  An orc wizard (D:11)
  2 orcs (D:11)
  A bush (Swamp:4)
  68 fungi
  24 plants
100 creatures vanquished.

Grand Total: 1066 creatures vanquished

Notes
Turn   | Place    | Note
-------+----------+-------------------------------------------
     0 | D:1      | Folks the Human Ice Elementalist began the quest for the
                  | Orb.
     0 | D:1      | Reached XP level 1. HP: 13/13 MP: 3/3
   108 | D:1      | Reached XP level 2. HP: 20/20 MP: 1/5
   388 | D:1      | Learned a level 2 spell: Throw Frost
   603 | D:1      | Reached XP level 3. HP: 18/25 MP: 2/6
   608 | D:1      | Learned a level 3 spell: Ozocubu's Armour
   612 | D:1      | Reached skill level 1 in Fighting
  1428 | D:1      | Reached XP level 4. HP: 4/32 MP: 0/8
  2758 | D:2      | Learned a level 4 spell: Summon Ice Beast
  2875 | D:3      | Noticed Jessica
  2883 | D:3      | Killed Jessica
  2883 | D:3      | Reached skill level 1 in Summonings
  2883 | D:3      | Reached XP level 5. HP: 30/37 MP: 2/10
  3923 | D:3      | Found a basalt altar of Yredelemnul.
  4084 | D:3      | Found a runed translucent door.
  4085 | D:3      | Noticed Crazy Yiuf
  4161 | D:3      | Killed Crazy Yiuf
  4161 | D:3      | Reached XP level 6. HP: 43/43 MP: 0/11
  4514 | D:4      | Found a glowing drain.
  4521 | Sewer    | Entered a sewer
  5014 | Sewer    | Got a fine spear
  5025 | Sewer    | Identified the cursed +2 spear "Ippamnux" {pierce, rC+
                  | Dex+3} (You found it in a sewer)
  5237 | D:4      | Reached XP level 7. HP: 45/48 MP: 4/12
  5552 | D:4      | Found a shattered altar of Ashenzari.
  5553 | D:4      | Found a hazy altar of Hepliaklqana.
  5553 | D:4      | Found a deep blue altar of Sif Muna.
  5553 | D:4      | Found a stormy altar of Qazlal.
  5554 | D:4      | Found a snail-covered altar of Cheibriados.
  5558 | D:4      | Found a glowing golden altar of the Shining One.
  5571 | D:4      | Became a worshipper of Sif Muna the Loreminder
  5930 | D:4      | Reached skill level 5 in Ice Magic
  6190 | D:4      | Reached skill level 2 in Conjurations
  6267 | D:5      | Entered Level 5 of the Dungeon
  6338 | D:5      | Found a transporter.
  6364 | D:5      | Found Arosaod's Antique Armour Shop.
  6435 | D:5      | Found a burning altar of Makhleb.
  6699 | D:5      | Reached XP level 8. HP: 27/54 MP: 2/13
  6707 | D:5      | Learned a level 4 spell: Throw Icicle
  6864 | D:5      | Found a transporter.
  6914 | D:5      | Reached skill level 3 in Conjurations
  7440 | D:6      | Noticed Eustachio
  7471 | D:6      | Killed Eustachio
  7778 | D:6      | Reached * piety under Sif Muna
  7778 | D:6      | Reached skill level 5 in Summonings
  7840 | D:6      | Found a staircase to the Ecumenical Temple.
  7849 | D:6      | Found an iron altar of Okawaru.
  7855 | D:6      | Found a shimmering altar of Xom.
  7856 | D:6      | Found an ancient bone altar of Kikubaaqudgha.
  7968 | D:6      | Reached skill level 4 in Conjurations
  8679 | D:7      | Reached XP level 9. HP: 59/59 MP: 3/14
  8837 | D:7      | Reached skill level 5 in Conjurations
  9067 | D:7      | Reached ** piety under Sif Muna
  9779 | D:8      | Noticed a two-headed ogre
  9793 | D:8      | Killed a two-headed ogre
  9793 | D:8      | Reached skill level 6 in Conjurations
  9793 | D:8      | Reached skill level 1 in Charms
  9907 | D:8      | Noticed a two-headed ogre
  9922 | D:8      | Killed a two-headed ogre
  9922 | D:8      | Reached *** piety under Sif Muna
  9922 | D:8      | Reached skill level 5 in Spellcasting
  9922 | D:8      | Reached XP level 10. HP: 65/65 MP: 1/17
 10301 | D:8      | Learned a level 2 spell: Call Imp
 10314 | D:8      | Noticed an elephant
 10338 | D:8      | Killed an elephant
 10346 | D:8      | Found a staircase to the Lair.
 10749 | D:8      | Reached skill level 7 in Conjurations
 10787 | D:8      | Reached **** piety under Sif Muna
 10975 | D:8      | Found an opulent altar of Gozag.
 10975 | D:8      | Found a sparkling altar of Nemelex Xobeh.
 11024 | D:8      | Learned a level 2 spell: Blink
 11262 | D:9      | Reached skill level 1 in Invocations
 11573 | D:9      | Found an ornate altar of the Wu Jian Council.
 12453 | D:10     | Entered Level 10 of the Dungeon
 12777 | D:10     | Reached XP level 11. HP: 43/70 MP: 15/21
 12801 | D:10     | HP: 2/70 [killer bee (5)]
 13311 | Lair:1   | Entered Level 1 of the Lair of Beasts
 13813 | Lair:1   | Reached ***** piety under Sif Muna
 13813 | Lair:1   | Reached skill level 5 in Invocations
 14337 | Lair:1   | Noticed a seven-headed hydra
 14352 | Lair:1   | Killed a seven-headed hydra
 14352 | Lair:1   | Identified Sif Muna's Compendium of Attacks (Sif Muna
                  | gifted it to you on level 1 of the Lair of Beasts)
 14352 | Lair:1   | Received a gift from Sif Muna
 14352 | Lair:1   | Reached skill level 8 in Conjurations
 14747 | Lair:2   | Noticed Fannar
 14753 | Lair:2   | Noticed an elephant
 14774 | Lair:2   | Killed an elephant
 14857 | Lair:2   | Noticed an elephant
 14866 | Lair:2   | Killed an elephant
 14870 | Lair:2   | Noticed an elephant
 14871 | Lair:2   | Noticed an elephant
 14872 | Lair:2   | Noticed a five-headed hydra
 14883 | Lair:2   | Killed a five-headed hydra
 14900 | Lair:2   | Killed an elephant
 14905 | Lair:2   | Killed an elephant
 15045 | Lair:2   | Noticed an elephant
 15053 | Lair:2   | Killed an elephant
 15117 | Lair:2   | Noticed an elephant
 15117 | Lair:2   | Noticed an elephant
 15118 | Lair:2   | Noticed an elephant
 15132 | Lair:2   | Noticed a dire elephant
 15212 | Lair:2   | Noticed an elephant
 15219 | Lair:2   | Killed an elephant
 15746 | D:10     | Reached skill level 9 in Conjurations
 15791 | D:10     | Noticed a queen ant
 15820 | D:10     | Killed a queen ant
 15820 | D:10     | Reached XP level 12. HP: 50/76 MP: 1/24
 16146 | D:10     | Reached skill level 10 in Ice Magic
 16813 | D:10     | Reached skill level 10 in Conjurations
 16926 | D:10     | Killed an unseen horror
 16999 | D:10     | Noticed a two-headed hydra
 17005 | D:10     | Killed a two-headed hydra
 17214 | D:11     | Found a flickering gateway to a bazaar.
 17229 | Bazaar   | Entered a bazaar
 17244 | Bazaar   | Found Reoniz's Antique Weapon Emporium.
 17265 | Bazaar   | Found Zeasoet's Armour Emporium.
 17265 | Bazaar   | Found Bysch's Food Shoppe.
 17281 | Bazaar   | Found Gilytaog's Book Emporium.
 17281 | Bazaar   | Found Zaquabreo's Antique Weapon Shoppe.
 17297 | Bazaar   | Found Wimewn's Distillery.
 17325 | Bazaar   | Bought a potion of magic for 64 gold pieces
 17325 | Bazaar   | Bought a potion of brilliance for 32 gold pieces
 17325 | Bazaar   | Bought a potion of curing for 24 gold pieces
 18444 | D:11     | Identified Sif Muna's Volume of Sinister Arcane Weapons
                  | (Sif Muna gifted it to you on level 11 of the Dungeon)
 18444 | D:11     | Received a gift from Sif Muna
 19264 | D:12     | Killed an unseen horror
 19264 | D:12     | Reached skill level 11 in Conjurations
 19345 | D:12     | Found Livinn's General Store.
 19801 | D:12     | Found a roughly hewn altar of Beogh.
 19801 | D:12     | Found a staircase to the Orcish Mines.
 19986 | D:12     | Found a burning altar of Makhleb.
 20009 | D:12     | Reached XP level 13. HP: 63/81 MP: 6/25
 21542 | Lair:2   | Reached skill level 12 in Conjurations
 21556 | Lair:2   | Learned a level 6 spell: Bolt of Cold
 21740 | Lair:2   | Received a gift from Sif Muna
 21742 | Lair:2   | Killed Fannar
 22024 | Lair:2   | Killed a dire elephant
 23062 | Lair:3   | Found a hole to the Spider Nest.
 23195 | Lair:3   | Noticed a six-headed hydra
 23204 | Lair:3   | Killed a six-headed hydra
 23787 | Lair:3   | Found a staircase to the Swamp.
 24383 | Lair:4   | Noticed a catoblepas
 24404 | Lair:4   | Killed a catoblepas
 24827 | Lair:4   | Reached XP level 14. HP: 88/88 MP: 26/26
 25774 | Lair:4   | Noticed Josephine
 25781 | Lair:4   | Killed Josephine
 26428 | Lair:5   | Identified Lempoik's Guide on Supportive Curses (Sif Muna
                  | gifted it to you on level 5 of the Lair of Beasts)
 26428 | Lair:5   | Received a gift from Sif Muna
 26428 | Lair:5   | Reached skill level 13 in Conjurations
 27431 | Lair:5   | Found a staircase to the Slime Pits.
 27719 | Lair:5   | Learned a level 7 spell: Spellforged Servitor
 27728 | Lair:5   | Learned a level 7 spell: Orb of Destruction
 28307 | Lair:6   | Entered Level 6 of the Lair of Beasts
 28318 | Lair:6   | Reached skill level 1 in Evocations
 28543 | Lair:6   | Reached skill level 10 in Summonings
 28559 | Lair:6   | Found a dark tunnel.
 28568 | Volcano  | Entered a volcano
 30340 | Lair:6   | Reached XP level 15. HP: 93/93 MP: 19/28
 30661 | Lair:6   | Reached skill level 10 in Spellcasting
 30676 | Lair:6   | Reached skill level 5 in Evocations
 30680 | Lair:6   | Identified Sif Muna's Reference Book on Doomed Air (Sif
                  | Muna gifted it to you on level 6 of the Lair of Beasts)
 30680 | Lair:6   | Received a gift from Sif Muna
 31069 | Lair:6   | Found the +7 sceptre of Torment {pain, torment}
 31501 | Swamp:1  | Entered Level 1 of the Swamp
 33121 | Swamp:1  | Reached skill level 5 in Dodging
 34903 | Swamp:2  | HP: 4/93 [seven-headed hydra (8)]
 36679 | Swamp:3  | Reached XP level 16. HP: 74/99 MP: 1/31
 37514 | Swamp:4  | Entered Level 4 of the Swamp
 37522 | Swamp:4  | Received a gift from Sif Muna
 39292 | Swamp:4  | Noticed the 27-headed Lernaean hydra
 39303 | Swamp:4  | Learned a level 7 spell: Monstrous Menagerie
 39323 | Swamp:4  | Reached skill level 14 in Conjurations
 39802 | Swamp:4  | Killed the 27-headed Lernaean hydra
 39940 | Swamp:4  | Got a decaying rune of Zot
 40517 | Orc:1    | Entered Level 1 of the Orcish Mines
 40863 | Orc:1    | Noticed Jorgrun
 40868 | Orc:1    | Killed Jorgrun
 41051 | Orc:1    | Found Fuanycwa's Distillery.
 41073 | Orc:1    | Found Duptyb's Book Shop.
 41436 | Orc:1    | Found a roughly hewn altar of Beogh.
 41539 | Orc:1    | Found Extal's Antique Weapon Emporium.
 41594 | Orc:1    | Found Qarom's Armour Emporium.
 41611 | Orc:2    | Entered Level 2 of the Orcish Mines
 41622 | Orc:2    | Found a staircase to the Elven Halls.
 41649 | Orc:2    | Found a roughly hewn altar of Beogh.
 42155 | Orc:2    | Reached XP level 17. HP: 104/104 MP: 32/33
 42559 | Orc:2    | Found Siruyloi's Antique Armour Shoppe.
 42559 | Orc:2    | Found Yschaclao's Food Shoppe.
 42560 | Orc:2    | Found Puniniu's Food Boutique.
 42565 | Orc:2    | Found Movuschedub's Book Boutique.
 43075 | D:13     | Identified Sif Muna's Compendium of Congealing Fire (Sif
                  | Muna gifted it to you on level 13 of the Dungeon)
 43075 | D:13     | Received a gift from Sif Muna
 43082 | D:13     | HP: 2/104 [troll (11)]
 43082 | D:13     | Mangled by a troll

Skill      XL: |  1  2  3  4  5  6  7  8  9 10 11 12 13 14 15 16 17 |
---------------+----------------------------------------------------+-----
Fighting       | 1 |  1.0
Spellcasting   | 3 5 7 8 9 11 12 | 12.3
Summonings     | 1 2 4 5 6 8 10 11 | 11.0
Ice Magic      | 4 5 6 8 9 11 12 | 12.9
Conjurations   | 2 4 6 7 9 11 12 13 14 | 14.6
Charms         | 2 3 |  3.1
Invocations    | 3 6 8 |  8.1
Evocations     | 4 8 |  8.2
Dodging        | 3 6 7 8 |  8.0
Stealth        | |  2.0

Action                   |  1- 3 |  4- 6 |  7- 9 | 10-12 | 13-15 | 16-18 || total
-------------------------+-------+-------+-------+-------+-------+-------++-------
Melee: Dagger            |    90 |   137 |       |       |       |       ||   227
       Quarterstaff      |       |    86 |    18 |     6 |     1 |       ||   111
       Staff             |       |       |    38 |    84 |    41 |    18 ||   181
       Spear             |       |       |       |       |    25 |     4 ||    29
       Demon trident     |       |       |       |       |       |     3 ||     3
Throw: Throwing net      |       |       |       |       |     2 |       ||     2
 Cast: Freeze            |    31 |   101 |    51 |   140 |    19 |       ||   342
       Throw Frost       |     6 |     6 |    16 |    40 |    13 |       ||    81
       Ozocubu's Armour  |     3 |    15 |     8 |    23 |    13 |     2 ||    64
       Summon Ice Beast  |       |     2 |    28 |   121 |    96 |    27 ||   274
       Throw Icicle      |       |       |    39 |   172 |    59 |       ||   270
       Call Imp          |       |       |       |    53 |     8 |       ||    61
       Blink             |       |       |       |     4 |     4 |     5 ||    13
       Bolt of Cold      |       |       |       |       |   180 |    66 ||   246
       Orb of Destructio |       |       |       |       |    91 |    74 ||   165
       Spellforged Servi |       |       |       |       |    34 |    14 ||    48
       Monstrous Menager |       |       |       |       |       |    16 ||    16
Invok: Divine Energy     |       |       |       |     1 |       |       ||     1
       Channel Magic     |       |       |       |     3 |     1 |     3 ||     7
       Forget Spell      |       |       |       |       |     2 |       ||     2
Evoke: Wand              |       |       |       |     2 |     4 |     1 ||     7
  Use: Potion            |     1 |       |       |     8 |     7 |     1 ||    17
       Scroll            |       |     4 |       |    17 |     7 |     5 ||    33
 Stab: Sleeping          |     5 |     3 |     1 |       |       |       ||     9
       Petrifying        |       |     1 |       |       |       |       ||     1
       Distracted        |       |       |       |       |       |     1 ||     1
  Eat: Chunk             |     2 |     8 |    15 |    35 |    98 |    35 ||   193
       Ration            |       |     2 |     4 |     7 |    22 |    14 ||    49
Armor: Robe              |    24 |   107 |    26 |   101 |    81 |    30 ||   369
Dodge: Dodged            |    92 |   195 |    63 |   262 |   191 |    87 ||   890
